 Dungeon Crawl Stone Soup version 0.15-a0-2123-gb18dd36 (webtiles) character file.

4659 crabcz the Geomancer (level 10, -23/45 HPs)
             Began as a Gargoyle Earth Elementalist on July 16, 2014.
             Was a Follower of Vehumet.
             Killed by blast of rock fragments (36 damage)
             ... on Level 8 of the Dungeon.
             The game lasted 01:37:44 (10666 turns).

crabcz the Geomancer (Gargoyle Earth Elementalist) Turns: 10666, Time: 01:37:51

HP -23/45        AC 16     Str 11      XL: 10   Next: 43%
MP  19/37        EV 10     Int 20      God: Vehumet [*.....]
Gold 422         SH  0     Dex 10      Spells:  5 memorised, 13 levels left

rFire  . . .     SeeInvis .     N - +10 spear of Blood-Lust {venom, rC+ MR+}
rCold  + . .     Clarity  .     W - +3 leather armour
rNeg   + . .     rCorr    .     (no shield)
rPois  +         rRot     +     c - +2 hat
rElec  +         Spirit   .     (no cloak)
SustAb .         Warding  .     (no gloves)
rMut   +         Stasis   .     V - +0 pair of boots
Gourm  .                        D - amulet of resist mutation
MR     +....                    (no ring)
                                a - ring of magical power

@: very slightly contaminated, somewhat resistant to hostile enchantments,
unstealthy
A: frail 1, negative energy resistance 1, electricity resistance, wild magic 1,
unbreathing, petrification resistance, rot immunity, AC +7
a: Renounce Religion


You were on level 8 of the Dungeon.
You worshipped Vehumet.
Vehumet was aware of your devotion.
You were near starving.

You visited 2 branches of the dungeon, and saw 9 of its levels.
You also visited: Sewer and Ossuary.

You collected 422 gold pieces.

Inventory:

Hand weapons
 E - a +0 long sword of slicing
 N - the +10 spear of Blood-Lust (weapon) {venom, rC+ MR+}
   (You found it on level 5 of the Dungeon)

   It poisons the flesh of those it strikes.
   It protects you from cold.
   It affects your resistance to hostile enchantments.
Missiles
 b - 218 stones
 F - 3 tomahawks of returning (quivered)
 J - 17 poisoned needles
Armour
 c - a +2 hat (worn)
 I - a +0 helmet
 V - a +0 pair of boots (worn)
 W - a +3 leather armour (worn)
 X - the +3 chain mail "Zijarebb" {Dex-4}
   (You found it on level 6 of the Dungeon)

   It affects your dexterity (-4).
Magical devices
 K - a wand of magic darts (12)
 O - a wand of teleportation (1)
 P - a wand of frost (12)
Comestibles
 g - 5 beef jerkies
 j - 3 meat rations
 G - 5 bread rations
Scrolls
 h - 4 scrolls of teleportation
 m - 2 scrolls of enchant weapon
 n - 8 scrolls of identify
 o - 3 scrolls of magic mapping {unknown}
 s - a scroll of remove curse
Jewellery
 a - a ring of magical power (left hand)
 D - an amulet of resist mutation (around neck)
Potions
 f - 2 potions of restore abilities
 l - 2 potions of curing
 p - 2 potions of might
 x - a potion of haste
 L - 2 potions of heal wounds
 S - 4 potions of flight
Books
 d - a book of Geomancy

   Spells                             Type                      Level
   *Sandblast                         Earth                        1
   Stoneskin                          Transmutation/Earth          2
   *Passwall                          Transmutation/Earth          3
   Stone Arrow                        Conjuration/Earth            3
   *Petrify                           Transmutation/Earth          4
   *Lee's Rapid Deconstruction        Earth                        5


   Skills:
 - Level 1.0 Polearms
 - Level 1.5 Dodging
 - Level 2.1 Stealth
 * Level 9.6 Spellcasting
 - Level 0.7 Transmutations
 - Level 1.2 Air Magic
 + Level 12.8 Earth Magic


You had 13 spell levels left.
You knew the following spells:

 Your Spells              Type           Power        Failure   Level  Hunger
b - Sandblast             Erth           ######       1%          1    None
c - Passwall              Trmt/Erth      ######....   4%          3    None
d - Lee's Rapid Deconstr  Erth           ######....   4%          5    ####...
e - Petrify               Trmt/Erth      ######..     13%         4    ##.....
f - Swiftness             Chrm/Air       ###.....     19%         2    None


Dungeon Overview and Level Annotations

Branches:
Dungeon (8/15)             Temple (1/1) D:7
   Lair: D:8-11

Altars:
Ashenzari
Cheibriados
Dithmenos
Elyvilon
Fedhas
Gozag
Kikubaaqudgha
Makhleb
Nemelex Xobeh
Okawaru
Qazlal
Sif Muna
Trog
Vehumet
Xom
Yredelemnul
Zin
The Shining One

Shops:
D:6 }

Annotations:
D:8 Maurice


Innate Abilities, Weirdness & Mutations

You are resistant to torment.
You are immune to poison.
Your stone body is very resilient (AC +7).
You resist negative energy.
You are resistant to electric shocks.
You can survive without breathing.
You are immune to petrification.
You are immune to rotting.
You are frail (-10% HP).
Your spells are a little harder to cast, but a little more powerful.


Message History

The two-headed ogre zombie hits you. The two-headed ogre zombie misses you.
There is an open door here.
Something hits you.
* * * LOW HITPOINT WARNING * * *
Something steals the Reference Book on the Birds!
Something hits you but does no damage. Something hits you but does no damage.
You hear some strange, mumbled words.
Casting: Lee's Rapid Deconstruction
Confirm with . or Enter, or press ? or * to list all spells.
Aiming: Lee's Rapid Deconstruction
Press: ? - help, Dir - move target cursor That beam is likely to hit you.
Continue anyway?
The wall shatters!
The blast of rock fragments hits the two-headed ogre zombie.
You destroy the two-headed ogre zombie!
Vehumet accepts your kill. The blast of rock fragments hits you!
Ouch! That really hurt!
You die...

##### # #...# #.####...# # #
#....#...# ###.#
.###.#.####..ยง..###.#...###
........<.@.....'..........
#########.#.#...#####....##
#...#.##### ..##.# #...#+#
#.# .# #.... .{. # #.... .##
###... . ##.. $ ...


There were no monsters in sight!

Vanquished Creatures
  Erolcha (D:7)
  The ghost of Conan321 the Thaumaturge, an experienced OpWz of Vehumet (D:7)
  Prince Ribbit (D:6)
  Eustachio (D:7)
  A water moccasin (D:6)
  A sky beast (D:5)
  A necrophage (D:7)
  An ice beast (D:7)
  5 ogres
  An orc warrior (D:6)
  3 centaurs (D:6)
  Duvessa (D:6)
  7 elf zombies (Ossuary)
  Blork the orc (D:7)
  2 giant frogs (D:6)
  A scorpion (D:6)
  2 centaur zombies (Ossuary)
  Dowan (D:6)
  A goliath beetle (D:6)
  3 human zombies (Ossuary)
  2 jellies (D:5)
  A giant frog skeleton (D:6)
  5 orc wizards
  7 worker ants
  A two-headed ogre zombie (D:8)
  3 crimson imps
  3 orc priests
  A mermaid (Sewer)
  2 iguanas
  A siren (Sewer)
  3 mummies (Ossuary)
  A hound skeleton (D:5)
  A worker ant zombie (D:5)
  12 adders
  6 gnolls
  4 green rats
  3 shadow imps
  5 giant mites
  2 worms
  2 orc skeletons (D:5)
  7 giant geckos
  An ooze (D:1)
  25 orcs
  3 ball pythons
  8 bats
  8 giant cockroaches
  16 hobgoblins
  2 jackals (D:5)
  18 kobolds
  2 quokkas
  A giant gecko skeleton (D:4)
  9 giant newts
  A gnoll skeleton (D:4)
  15 goblins
  2 hobgoblin skeletons
  A hobgoblin zombie (D:5)
  A jackal zombie (D:5)
  A kobold zombie (D:5)
  34 rats
  A rat skeleton (D:7)
  A ballistomycete (D:6)
258 creatures vanquished.

Vanquished Creatures (others)
  A hound (D:5)
  3 drowned souls (Sewer)
  A hobgoblin (D:5)
  A giant spore (D:6)
  A goblin (D:5)
  A kobold (D:5)
8 creatures vanquished.

Grand Total: 266 creatures vanquished

Notes
Turn   | Place    | Note
--------------------------------------------------------------
     0 | D:1      | crabcz, the Gargoyle Earth Elementalist, began the quest for the Orb.
     0 | D:1      | Reached XP level 1. HP: 10/10 MP: 3/3
   100 | D:1      | Reached skill level 4 in Earth Magic
   100 | D:1      | Reached XP level 2. HP: 12/15 MP: 4/4
   509 | D:1      | Reached XP level 3. HP: 19/19 MP: 3/6
   955 | D:2      | Reached skill level 5 in Earth Magic
   955 | D:2      | Reached XP level 4. HP: 20/24 MP: 6/8
  1760 | D:3      | Reached XP level 5. HP: 24/28 MP: 3/11
  1799 | D:4      | Reached skill level 6 in Earth Magic
  1892 | D:4      | Found a sand-covered staircase.
  1897 | Ossuary  | Entered an ossuary
  1904 | Ossuary  | Learned a level 5 spell: Lee's Rapid Deconstruction
  1908 | Ossuary  | Learned a level 3 spell: Passwall
  2250 | Ossuary  | Reached XP level 6. HP: 21/32 MP: 0/13
  2260 | Ossuary  | Reached skill level 7 in Earth Magic
  2405 | Ossuary  | Learned a level 4 spell: Petrify
  2658 | Ossuary  | Reached skill level 8 in Earth Magic
  2658 | Ossuary  | Reached XP level 7. HP: 27/36 MP: 1/17
  3003 | Ossuary  | Reached skill level 9 in Earth Magic
  3413 | D:4      | Reached XP level 8. HP: 41/41 MP: 10/19
  3605 | D:4      | Reached skill level 5 in Spellcasting
  3707 | D:4      | Identified the Reference Book on the Birds
  4653 | D:3      | Found a shadowy altar of Dithmenos.
  4659 | D:3      | Found a white marble altar of Elyvilon.
  5019 | D:3      | Reached skill level 10 in Earth Magic
  5308 | D:5      | Entered Level 5 of the Dungeon
  5402 | D:5      | Got a crude spear
  5531 | D:5      | Found a shimmering altar of Xom.
  5598 | D:5      | Reached skill level 11 in Earth Magic
  5616 | D:5      | Found a radiant altar of Vehumet.
  5698 | D:5      | Found a glowing drain.
  5715 | Sewer    | Entered a sewer
  6257 | Sewer    | Noticed a drowned soul
  6258 | Sewer    | Noticed a drowned soul
  6259 | Sewer    | Noticed a drowned soul
  6261 | Sewer    | Noticed a drowned soul
  6262 | Sewer    | Killed a drowned soul
  6262 | Sewer    | Killed a drowned soul
  6264 | Sewer    | Killed a drowned soul
  6265 | Sewer    | Reached XP level 9. HP: 41/45 MP: 5/22
  6958 | D:6      | Found Shib's Gadget Shoppe.
  7133 | D:6      | Noticed Duvessa
  7216 | D:6      | Got a faintly glowing chain mail
  7339 | D:6      | Killed Duvessa
  7341 | D:6      | Noticed Dowan
  7343 | D:6      | Killed Dowan
  7558 | D:6      | Noticed Prince Ribbit
  7618 | D:6      | Killed Prince Ribbit
  7758 | D:6      | Found a glowing golden altar of the Shining One.
  7776 | D:6      | Found a shimmering altar of Xom.
  8084 | D:6      | Reached skill level 12 in Earth Magic
  8287 | D:5      | Became a worshipper of Vehumet
  9043 | D:7      | Noticed Conan321's ghost (experienced OpWz)
  9310 | D:7      | Noticed Eustachio
  9313 | D:7      | Killed Eustachio
  9410 | D:7      | Found a staircase to the Ecumenical Temple.
  9423 | D:7      | Reached XP level 10. HP: 50/50 MP: 27/27
  9518 | D:6      | Learned a level 4 spell: Airstrike
  9521 | D:6      | Learned a level 2 spell: Swiftness
  9718 | D:7      | Found a sparkling altar of Nemelex Xobeh.
  9737 | D:7      | Noticed Blork the orc
  9744 | D:7      | Killed Blork the orc
  9754 | D:7      | Acquired Vehumet's first power
  9754 | D:7      | Offered knowledge of Sting by Vehumet.
  9897 | Temple   | Entered the Ecumenical Temple
 10143 | Temple   | Identified the +3 chain mail "Zijarebb" {Dex-4} (You found it on level 6 of the Dungeon)
 10181 | Temple   | Gained mutation: Your spells are a little harder to cast, but a little more powerful. [potion of beneficial mutation]
 10182 | Temple   | Gained mutation: You are frail (-10% HP). [potion of mutation]
 10200 | Temple   | Identified the +10 spear of Blood-Lust {venom, rC+ MR+} (You found it on level 5 of the Dungeon)
 10243 | D:8      | Noticed Erolcha
 10255 | D:7      | Killed Erolcha
 10255 | D:7      | Reached skill level 1 in Polearms
 10255 | D:7      | Reached skill level 1 in Air Magic
 10424 | D:7      | Killed Conan321's ghost
 10651 | D:8      | Noticed Maurice
 10666 | D:8      | Killed by blast of rock fragments

Action                   |  1- 3 |  4- 6 |  7- 9 | 10-12 || total
-------------------------+-------+-------+-------+-------++-------
Melee: Club              |    20 |       |       |       ||    20
       Mace              |    31 |    40 |    22 |       ||    93
       Whip              |       |       |    79 |       ||    79
       Morningstar       |       |       |    17 |       ||    17
       Spear             |       |       |       |     4 ||     4
 Cast: Sandblast         |    37 |    35 |   198 |     1 ||   271
       Lee's Rapid Decon |       |     8 |    83 |    21 ||   112
       Petrify           |       |       |    12 |    10 ||    22
       Passwall          |       |       |     2 |       ||     2
       Swiftness         |       |       |       |     1 ||     1
Evoke: Wand              |       |       |     4 |       ||     4
  Use: Potion            |       |       |     2 |     8 ||    10
       Scroll            |       |       |       |     8 ||     8
 Stab: Sleeping          |     3 |     1 |     1 |       ||     5
       Petrifying        |       |       |     2 |       ||     2
  Eat: Chunk             |       |     3 |    29 |     1 ||    33
       Bread ration      |       |     2 |     2 |       ||     4
       Meat ration       |       |       |       |     1 ||     1
       Beef jerky        |       |       |       |     1 ||     1
